 Dungeon Crawl Stone Soup version 0.27.1-34-g3ba077fa99 (webtiles) character file.

Game seed: 572637035493047269

1548 McKennaii the Poker (level 8, -9/63 HPs)
             Began as a Demonspawn Fighter on Jan 16, 2022.
             Was a Follower of Makhleb.
             Mangled by a two-headed ogre (20 damage)
             ... on level 7 of the Dungeon.
             The game lasted 00:09:58 (5371 turns).

McKennaii the Poker (Demonspawn Fighter)            Turns: 5371, Time: 00:09:58

Health: -9/63      AC: 13    Str: 18    XL:     8   Next: 57%
Magic:  0/8        EV:  6    Int: 11    God:    Makhleb [*.....]
Gold:   89         SH:  9    Dex: 12    Spells: 7/7 levels left

rFire    . . .     SeeInvis .   a - +0 trident
rCold    . . .     Faith    .   c - +0 kite shield
rNeg     . . .     Spirit   +   x - +0 chain mail
rPois    .         Reflect  .   (no helmet)
rElec    .         Harm     .   F - scarf {repulsion}
rCorr    .         Rampage  .   p - +1 pair of gloves
Will     +....                  v - +0 pair of boots
Stlth    ..........             e - amulet of regeneration
HPRegen  1.20/turn              r - ring of willpower
MPRegen  0.22/turn              k - +4 ring of slaying

@: mighty, repel missiles
A: hooves 2, magic shield, magic regeneration, magic link, sturdy frame 1
a: Renounce Religion


You were on level 7 of the Dungeon.
You worshipped Makhleb.
Makhleb was aware of your devotion.
You visited 2 branches of the dungeon, and saw 8 of its levels.

You collected 232 gold pieces.
You spent 143 gold pieces at shops.

Inventory:

Hand Weapons
 a - a +0 trident (weapon)
Armour
 c - a +0 kite shield (worn)
 p - a +1 pair of gloves (worn)
 v - a +0 pair of boots (worn)
 x - a +0 chain mail (worn)
 F - a scarf of repulsion (worn)
Jewellery
 e - an amulet of regeneration (around neck)
 h - a ring of resist corrosion
 k - a +4 ring of slaying (right hand)
 r - a ring of willpower (left hand)
Wands
 B - a wand of acid (10)
 G - a wand of paralysis (5)
Scrolls
 f - 3 scrolls of noise {unknown}
 l - 4 scrolls of fog {unknown}
 o - a scroll of enchant armour {unknown}
 s - 2 scrolls of identify {unknown}
 u - 2 scrolls of teleportation {unknown}
 w - 2 scrolls of fear {unknown}
 y - 2 scrolls of amnesia
 z - a scroll of enchant weapon {unknown}
 E - a scroll of immolation {unknown}
 H - a scroll of vulnerability {unknown}
Potions
 b - 2 potions of berserk rage {unknown}
 d - 3 potions of might
 g - 2 potions of cancellation {unknown}
 i - a potion of haste {unknown}
 j - a potion of degeneration {unknown}
 m - a potion of ambrosia {unknown}
 n - 2 potions of mutation {unknown}
 q - 3 potions of heal wounds
 t - a potion of flight {unknown}
 A - a potion of experience {unknown}
 C - 5 potions of curing
 D - a potion of resistance {unknown}


   Skills:
 + Level 5.6 Fighting
 * Level 6.5 Polearms
 + Level 5.0 Armour
 + Level 0.7 Dodging
 + Level 5.1 Shields


You had 7 spell levels left.
You didn't know any spells.
Your spell library contained the following spells:

 Spells                   Type           Power      Damage    Failure   Level
 Dispersal                Tloc           0%         N/A       100%        6
 Malign Gateway           Summ/Tloc      0%         N/A       100%        7
 Disjunction              Tloc           0%         N/A       100%        8
 Summon Horrible Things   Summ           0%         N/A       100%        8


Dungeon Overview and Level Annotations

Branches:
Dungeon (7/15)             Temple (1/1) D:4

Altars:
Ashenzari
Cheibriados
Dithmenos
Fedhas
Hepliaklqana
Kikubaaqudgha
Makhleb
Nemelex Xobeh
Qazlal
Ru
Sif Muna
Trog
Uskayaw
Vehumet
Wu Jian
Xom
Yredelemnul
Zin

Shops:
D:5 !

Annotations:
D:2 1 runed translucent door, Crazy Yiuf
D:5 2 runed translucent doors, waddelsworth's ghost, amateur DECj


Innate Abilities, Weirdness & Mutations

You have hoof-like feet.
When hurt, damage is shared between your health and your magic reserves.
You regenerate magic rapidly.
When low on magic, you restore magic in place of health.
Your movements are slightly less encumbered by armour. (ER -2)


Message History

The two-headed ogre shouts in stereo!
Aiming: Paralyse
Press: ? - help, Shift-Dir - straight line, f - two-headed ogre
Aim: a two-headed ogre, wielding two +0 giant clubs (chance to affect: 28%)
Okay, then.
Aiming: Corrosive Bolt
Press: ? - help, Shift-Dir - straight line, f - two-headed ogre
Aim: a two-headed ogre, wielding two +0 giant clubs (86% to hit)
The bolt of acid hits the two-headed ogre!
The two-headed ogre is splashed with acid.
The acid corrodes the two-headed ogre!
The two-headed ogre is moderately wounded.
You completely miss the two-headed ogre.
The two-headed ogre is moderately wounded.
The two-headed ogre hits you with a +0 giant club!!
The two-headed ogre hits you with a +0 giant club!
Unknown command.
There is an open door here.
The two-headed ogre is no longer covered in acid.
You puncture the two-headed ogre!
The two-headed ogre is moderately wounded.
The two-headed ogre hits you with a +0 giant club!
The two-headed ogre hits you with a +0 giant club!!
Unknown command.
Okay, then.
You feel much better.
The two-headed ogre hits you with a +0 giant club!
You block the two-headed ogre's attack.
Okay, then.
You feel very mighty all of a sudden.
You puncture the two-headed ogre!
The two-headed ogre is severely wounded.
You block the two-headed ogre's attack.
The two-headed ogre hits you with a +0 giant club!
You puncture the two-headed ogre!
The two-headed ogre is almost dead.
The two-headed ogre hits you with a +0 giant club!!
* * * LOW HITPOINT WARNING * * *
The two-headed ogre hits you with a +0 giant club!!
You die...

#........#....
#........#....
#........#...#
####........#...#
##..#####....#....
#.......'..).+.[..
#.......#...<#...#
#.......#....#...#
#@O.....#....#....
#.......#....+....
##...#..#....##'##
#+##########.....
#..... #.....
#..... ######


You could see a two-headed ogre.

Vanquished Creatures
  Grinder (D:5)
  An orc warrior (D:6)
  An ogre (D:7)
  A centaur (D:6)
  A phantom (D:4)
  3 bullfrogs (D:6)
  2 scorpions
  A wyvern skeleton (D:7)
  2 water moccasin skeletons (D:5)
  A bullfrog zombie (D:6)
  A jelly (D:6)
  2 centaur skeletons
  3 hounds
  An orc priest (D:5)
  A bullfrog skeleton (D:5)
  An iguana (D:5)
  4 orc wizards
  A hound skeleton (D:3)
  An adder (D:2)
  A shadow imp (D:6)
  A white imp (D:6)
  2 worms
  3 dart slugs
  24 orcs
  9 endoplasms
  5 giant cockroaches
  8 goblins
  10 hobgoblins
  4 jackals (D:5)
  12 kobolds
  6 quokkas
  9 ball pythons
  6 bats
  4 frilled lizards
  A kobold skeleton (D:5)
  7 rats
141 creatures vanquished.

Vanquished Creatures (others)
  2 withered plants (D:5)
2 creatures vanquished.

Grand Total: 143 creatures vanquished

Notes
Turn   | Place    | Note
-------+----------+-------------------------------------------
     0 | D:1      | McKennaii the Demonspawn Fighter began the quest for the
                  | Orb.
     0 | D:1      | Reached XP level 1. HP: 18/18 MP: 1/1
   110 | D:1      | Reached skill level 2 in Polearms
   113 | D:1      | Gained mutation: You regenerate magic rapidly. [demonic
                  | ancestry]
   113 | D:1      | Reached XP level 2. HP: 24/24 MP: 2/2
   195 | D:1      | Found a faded altar of an unknown god.
   272 | D:1      | Gained mutation: Your movements are slightly less
                  | encumbered by armour. (ER -2) [demonic ancestry]
   272 | D:1      | Reached XP level 3. HP: 29/29 MP: 3/3
   802 | D:2      | You fall into a shaft and drop 1 floor!
   812 | D:3      | Gained mutation: You have large cloven feet. [demonic
                  | ancestry]
   812 | D:3      | Reached XP level 4. HP: 35/35 MP: 4/4
   928 | D:2      | Reached skill level 3 in Polearms
  1162 | D:2      | Found a shadowy altar of Dithmenos.
  1179 | D:2      | Found a runed translucent door.
  1180 | D:2      | Noticed Crazy Yiuf
  1762 | D:3      | Gained mutation: When hurt, damage is shared between your
                  | health and your magic reserves. [demonic ancestry]
  1762 | D:3      | Reached XP level 5. HP: 42/42 MP: 5/5
  2230 | D:4      | Noticed a phantom
  2241 | D:4      | Killed a phantom
  2400 | D:4      | Gained mutation: You have hoof-like feet. [demonic
                  | ancestry]
  2400 | D:4      | Reached XP level 6. HP: 46/48 MP: 4/6
  2492 | D:4      | Reached skill level 4 in Polearms
  2531 | D:4      | Found a staircase to the Ecumenical Temple.
  2555 | Temple   | Entered the Ecumenical Temple
  2561 | Temple   | Became a worshipper of Makhleb the Destroyer
  3028 | D:5      | Entered Level 5 of the Dungeon
  3137 | D:5      | Noticed Grinder
  3148 | D:5      | Killed Grinder
  3149 | D:5      | Reached skill level 5 in Polearms
  3149 | D:5      | Gained mutation: When low on magic, you restore magic in
                  | place of health. [demonic ancestry]
  3149 | D:5      | Reached XP level 7. HP: 50/55 MP: 5/7
  3283 | D:5      | Found a snail-covered altar of Cheibriados.
  3336 | D:5      | Found a runed translucent door.
  3336 | D:5      | Noticed a human
  3341 | D:5      | Found a basalt altar of Yredelemnul.
  3370 | D:5      | Found a runed translucent door.
  3370 | D:5      | Noticed waddelsworth's ghost (amateur DECj)
  3506 | D:5      | Found a radiant altar of Vehumet.
  3706 | D:5      | Found Heenk's Distillery.
  3709 | D:5      | Bought 2 potions of curing for 78 gold pieces
  3709 | D:5      | Bought a potion of heal wounds for 65 gold pieces
  3963 | D:6      | Reached skill level 5 in Fighting
  4141 | D:6      | Reached XP level 8. HP: 50/62 MP: 5/8
  4644 | D:6      | Reached * piety under Makhleb
  4645 | D:6      | Reached skill level 6 in Polearms
  4884 | D:7      | Reached skill level 5 in Shields
  4991 | D:6      | Reached skill level 5 in Armour
  5356 | D:7      | Noticed a two-headed ogre
  5371 | D:7      | Mangled by a two-headed ogre

Illustrated notes

Levels and vault maps discovered:
D:1:      erik_arrival_orb_chamber, layout_loops_ring,
          hellmonk_ecumenical_altar_run_dry
D:2:      layout_basic, basic_altar, st_stairs_6, uniq_crazy_yiuf_cottage
D:3:      layout_basic
D:4:      layout_basic, temple_fountains, minmay_misc_feat_cross
D:5:      layout_loops_ring, dk_yredelemnul_ordeal, cheibriados_altar_1,
          nicolae_vehumet_altar_sigil, gammafunk_ghost_grave, serial_shops,
          kennysheep_mini, amcnicky_mini_rare_corridor_liquid, uniq_grinder
D:6:      layout_basic, minmay_quadrilaterals
D:7:      layout_gridville, hangedman_abyss_or_decor_slice
Temple:   eino_narrow_crystal_temple

Skill      XL: |  1  2  3  4  5  6  7  8 |
---------------+-------------------------+-----
Polearms       | 2 3 5 6 |  6.5
Shields        | 3 4 5 |  5.1
Armour         | 3 4 5 |  5.0
Fighting       | 4 5 |  5.6
Dodging        | |  0.7

Action                   |  1- 3 |  4- 6 |  7- 9 || total
-------------------------+-------+-------+-------++-------
Melee: Trident           |   168 |   199 |   178 ||   545
       Kick              |       |    28 |       ||    28
Evoke: Wand              |       |       |     3 ||     3
  Use: Scroll            |       |     2 |       ||     2
       Potion            |       |       |     2 ||     2
 Stab: Paralysed         |       |       |     5 ||     5
Armor: Scale mail        |    70 |    54 |       ||   124
       Chain mail        |       |     8 |    80 ||    88
Dodge: Dodged            |    48 |    44 |    36 ||   128
       Repelled          |       |       |     1 ||     1
Block: Kite shield       |    72 |    88 |    70 ||   230
